 Dungeon Crawl Stone Soup version 0.14-a0-1663-g0b35444 (webtiles) character file.

445744 Petitchka the Fencer (level 22, 0/169 HPs)
             Began as a Demonspawn Berserker on Dec 28, 2013.
             Was the Champion of Makhleb.
             Killed from afar by a thorn lotus (25 damage)
             ... with a volley of thorns
             ... on Level 2 of the Enchanted Forest on Dec 29, 2013.
             The game lasted 05:42:36 (51445 turns).

Petitchka the Fencer (Demonspawn Berserker)        Turns: 51445, Time: 05:42:36

HP   0/169       AC 55     Str 19      XL: 22   Next: 71%
MP  36/36        EV  9     Int 20      God: Makhleb [******]
Gold 4286        SH 28     Dex 10      Spells: 11 memorised,  6 levels left

rFire  + . .     SeeInvis +     d - +5,+10 demon blade of Disaster {venom, +Blink rC+ MR+ Int+3, YOU'RE DRUNK, GO SLOW}
rCold  + + .     Clarity  .     b - +8 pearl dragon armour
rNeg   + + .     Conserve +     V - +3 dwarf shield {AC+3}
rPois  .         rCorr    +     (helmet unavailable)
rElec  .         rRot     .     M - +2 cloak {rCorr, Cons}
SustAb . .       Spirit   .     Y - +3 pair of gauntlets of War {Acc+5 Dam+5}
rMut   .         Warding  +     W - -1 pair of boots {Fly}
Saprov . . .     Stasis   .     s - amulet of warding
                                v - ring of protection from fire
                                R - +5,+6 ring of slaying

@: flying, very slightly contaminated, hasted, very quick, very resistant to
hostile enchantments, extremely unstealthy
A: antennae 3, rough black scales 3, cold resistance 1, conserve potions,
demonic guardian 3, icemail, slow metabolism 1, augmentation 2
a: Minor Destruction, Lesser Servant of Makhleb, Major Destruction, Greater
Servant of Makhleb, Renounce Religion, Evoke Blink, Stop Flying
}: 3/15 runes: decaying, silver, gossamer


You were on level 2 of the Enchanted Forest.
You worshipped Makhleb.
Makhleb was exalted by your worship.
You were not hungry.

You visited 11 branches of the dungeon, and saw 54 of its levels.
You visited the Abyss 1 time.
You visited 1 bazaar.
You also visited: Labyrinth, Sewer, Bailey and Volcano.

You collected 6837 gold pieces.
You spent 2551 gold pieces at shops.

Inventory:

Hand weapons
 d - the +5,+10 demon blade of Disaster (weapon) {venom, +Blink rC+ MR+ Int+3, YOU'RE DRUNK, GO SLOW}
   (You acquired it on level 6 of the Dungeon)

   It poisons the flesh of those it strikes.
   It affects your intelligence (+3).
   It protects you from cold.
   It affects your resistance to hostile enchantments.
   It lets you blink.
 S - a +0 orcish blowgun
Missiles
 G - 16 curare-tipped needles
Armour
 b - a +8 pearl dragon armour (worn)
 g - the +1 ratskin cloak {rPois rN+ Dex-1 Int-1}
   (You found it in a labyrinth)

   It affects your intelligence (-1).
   It affects your dexterity (-1).
   It protects you from poison.
   It protects you from negative energy.
 K - the +3 cloak of Flash {+Fly EV+4}
   (You found it on level 5 of the Vaults)

   It affects your evasion (+4).
   It lets you fly.
 M - a +2 cloak of preservation (worn)
 V - a +3 dwarven shield of protection (worn)
 W - a -1 pair of boots of flying (worn)
 Y - the +3 pair of gauntlets of War (worn) {Acc+5 Dam+5}
   (You found it on level 5 of the Vaults)

   It affects your accuracy (+5).
   It affects your damage-dealing abilities (+5).
Magical devices
 l - a wand of digging (7)
 y - a wand of disintegration (8)
Comestibles
 c - 11 bread rations
 q - 3 pieces of ambrosia (quivered) {FUCK FIRE}
Scrolls
 h - 4 scrolls of recharging
 n - a scroll of fog
 p - 5 scrolls of identify
 w - 2 scrolls of vulnerability
 H - 3 scrolls of fear
 I - 13 scrolls of remove curse
 X - 3 scrolls of magic mapping
Jewellery
 f - an uncursed ring of protection from magic
 j - a +6 ring of protection
 o - an uncursed ring of sustain abilities
 s - an amulet of warding (around neck)
 u - an uncursed amulet of clarity
 v - a ring of protection from fire (right hand)
 L - the ring "Boddinuub" {Ice +Inv +Fly rN+}
   (You took it off a deep elf fighter on level 3 of the Elven Halls)

   [ring of ice]

   It protects you from negative energy.
   It lets you turn invisible.
   It lets you fly.
 N - the ring "Sefa Xynaja" {+cTele rElec Str-3}
   (You took it off a deep elf summoner on level 3 of the Elven Halls)

   [ring of teleport control]

   It affects your strength (-3).
   It insulates you from electricity.
 O - an uncursed amulet of resist mutation
 R - a +5,+6 ring of slaying (left hand)
 Z - a +0,+6 ring of slaying
Potions
 e - 7 potions of restore abilities
 m - 4 potions of resistance
 r - 2 potions of brilliance
 z - 4 potions of might
 A - 13 potions of curing
 B - 5 potions of agility
 F - a potion of speed
 J - 5 potions of magic
 U - a potion of invisibility
Books
 a - a book of Battle

   Spells                             Type                      Level
   Infusion                           Charms                       1
   *Shroud of Golubria                Charms/Translocation         2
   *Song of Slaying                   Charms                       2
   Spectral Weapon                    Hexes/Charms                 3
   *Regeneration                      Charms/Necromancy            3
 D - a book of Fire

   Spells                             Type                      Level
   Fire Brand                         Charms/Fire                  2
   Ignite Poison                      Fire/Transmutation           5
   Fireball                           Conjuration/Fire             5
   Bolt of Fire                       Conjuration/Fire             6
   Delayed Fireball                   Conjuration/Fire             7
   Ring of Flames                     Charms/Fire                  7
Magical staves
 T - an uncursed staff of wizardry
Miscellaneous
 i - a phial of floods
 t - a lamp of fire
 x - a lamp of fire
 Q - a fan of gales
Rods
 E - a +4 rod of inaccuracy (13/13)
   (You found it on level 1 of the Depths)


   Skills:
 + Level 13.2 Fighting
 * Level 18.4 Long Blades
 + Level 13.4 Armour
 - Level 10.0 Dodging
 + Level 11.5 Shields
 + Level 9.0 Spellcasting
 + Level 9.5 Conjurations
 * Level 13.4 Charms
 - Level 1.0 Necromancy
 - Level 2.1 Translocations
 + Level 9.3 Ice Magic
 + Level 10.0 Air Magic
 - Level 10.6 Invocations
 + Level 11.5 Evocations


You had 6 spell levels left.
You knew the following spells:

 Your Spells              Type           Power        Failure   Level  Hunger
a - Apportation           Tloc           ###.......   14%         1    None
b - Shroud of Golubria    Chrm/Tloc      #####.....   1%          2    None
c - Blink                 Tloc           N/A          21%         2    None
d - Summon Butterflies    Summ           #.......     30%         1    None
e - Freezing Cloud        Conj/Ice/Air   #####.....   85%         6    ######.
f - Repel Missiles        Chrm/Air       ######....   1%          2    None
g - Swiftness             Chrm/Air       ######..     1%          2    None
h - Haste                 Chrm           ######..     17%         6    ######.
i - Ozocubu's Refrigerat  Ice            #####.....   85%         6    ######.
j - Song of Slaying       Chrm           ######..     1%          2    None
k - Regeneration          Chrm/Necr      #####.....   4%          3    None


Dungeon Overview and Level Annotations

Branches:
Dungeon (16/16)            Temple (1/1) D:4             Orc (4/4) D:12
    Elf (3/3) Orc:4          Lair (8/8) D:9           Swamp (5/5) Lair:3
 Spider (5/5) Lair:5        Slime (0/6) Lair:7       Vaults (5/5) D:15
  Blade (1/1) Vaults:3     Forest (2/5) Vaults:2     Depths (4/6) D:16

Altars:
Ashenzari
Cheibriados
Elyvilon
Fedhas
Kikubaaqudgha
Makhleb
Nemelex Xobeh
Okawaru
Sif Muna
Trog
Xom
Yredelemnul
Zin
the Shining One
Beogh
Jiyva

Shops:
D:6 (?*!   D:11 *   D:12 =   D:16 [   Orc:4 [(:*[   Vaults:1 =   Vaults:4 [

Portals:
Hell: Lair:8 Depths:1 Depths:2 Depths:3 Depths:4
Abyss: Depths:4
Ziggurat: Depths:3
Trove: D:10 (give 2 potions of cure mutation)

Annotations:
D:8 exclusion: oklob sapling
Swamp:3 Norris
Spider:1 exclusion: Roxanne, Roxanne
Depths:1 Sojobo
Depths:2 exclusion: 4 oklob plants


Innate Abilities, Weirdness & Mutations

You have a pair of large antennae on your head (SInv).
You are completely covered in rough black scales (AC +10, Dex -3).
Your flesh is cold resistant.
You are very good at protecting items from cold.
A powerful demonic guardian rushes to your aid.
A meltable icy envelope protects you from harm and freezing vapours (AC +10).
Your magical and physical power is enhanced at high health.
You have a slow metabolism.


Message History

You fly downwards.
A wind drake, a water nymph and 2 thorn lotuses come into view.
The water nymph shouts!
Found 24 gold pieces.
There is a stone staircase leading up here.
Read which item? (? for menu, Esc to quit)
Okay, then.
Read which item? (? for menu, Esc to quit)
As you read the scroll of fear, it crumbles to dust.
You assume a fearsome visage.
The wind drake looks frightened!
The thorn lotus is unaffected.
The water nymph resists.
Unknown command.
Read which item? (? for menu, Esc to quit)
Okay, then.
Drink which item? (? for menu, Esc to quit)
You feel yourself speed up.
The thorn lotus fires a volley of thorns at you.
The volley of thorns hits you!
You die...

...♣ ♣♣.
..P.♣♣♣♣.♣
..$♣..♣♣..♣♣♣
..........♣♣♣♣♣
............♣♣♣
♣.≈≈≈≈≈.......♣
♣.≈≈≈≈P≈....♣.♣
♣.≈P≈≈≈≈@...♣♣
.≈m≈≈≈≈≈..≈.♣♣
≈≈≈≈≈≈≈.≈..♣♣
.≈≈≈≈≈.≈≈≈.♣♣
.≈≈≈≈..≈≈≈..♣
..♣...≈.≈..♣♣
♣♣♣♣.......
♣♣♣.....l ...


You could see a wind drake (fleeing), 2 thorn lotuses and a water nymph.

Vanquished Creatures
  Saint Roka (Swamp:2)
  Mara (Vaults:4)
  A golden dragon (Vaults:5)
  Frederick (Vaults:5)
  Nikola (Spider:3)
  A bone dragon (Abyss:1)
  4 tentacled monstrosities
  2 titans (Vaults:5)
  A deep elf master archer (Elf:3)
  2 deep elf blademasters (Elf:3)
  4 storm dragons
  Rupert (Lair:4)
  Agnes (Elf:3)
  2 sphinxes
  Kirke (Spider:1)
  10 tengu reavers
  2 shadow dragons (Vaults:5)
  4 frost giants
  4 fire giants
  2 deep elf sorcerers (Elf:3)
  12 vault wardens
  Wiglaf (Spider:4)
  3 ghost moths (Spider:5)
  An iron dragon (Vaults:5)
  An orc warlord (Orc:4)
  Louise (D:14)
  A balrug (Swamp:3)
  5 emperor scorpions (Spider:5)
  Jorgrun (Swamp:2)
  28 stone giants
  6 deep elf annihilators (Elf:3)
  A green death (Depths:2)
  8 deep elf demonologists
  A dire elephant (Lair:8)
  23 vault guards
  16 ettins
  Snorg (Lair:3)
  7 deep elf death magi
  A minotaur (Lab)
  3 fire dragons
  8 ironheart preservers
  2 jiangshi (Abyss:1)
  2 great orbs of eyes
  2 ravenous feature mimics
  19 yaktaur captains
  2 deep elf high priests
  An ice dragon (shapeshifter) (Vaults:5)
  Harold (D:12)
  Josephine (Orc:3)
  26 hydras
  Nessos (D:11)
  An ice dragon (Vaults:4)
  9 ogre magi
  22 dancing weapons
  Erica (Lair:2)
  An anaconda (Forest:1)
  2 spriggan berserkers
  The ghost of Duskembrace the Cleaver, an experienced MiBe of Trog (D:10)
  A tengu warrior (Depths:4)
  12 deep troll earth magi
  3 thrashing horrors (Abyss:1)
  3 deep troll shamans
  An orc high priest (Orc:4)
  3 wretched stars (Abyss:1)
  8 very ugly things
  The ghost of CrazyArbalest the Basher, an experienced OgBe of Trog (D:7)
  3 rakshasas
  5 spectral elves
  6 alligators
  6 naga warriors
  Urug (Volcano)
  12 death yaks
  A dryad (Forest:1)
  A vampire mage (Abyss:1)
  24 centaur warriors
  An ice devil (Abyss:1)
  A fire crab (Vaults:2)
  2 unseen horrors
  3 iron trolls
  2 hell knights
  13 deep elf knights
  2 death drakes (shapeshifter)
  6 large abominations (Abyss:1)
  15 deep trolls
  A spatial maelstrom (Abyss:1)
  2 wizards
  13 hill giants
  6 orc knights
  5 giant amoebae
  Erolcha (D:11)
  10 ironbrand convokers
  10 swamp dragons
  8 harpies
  15 deep elf conjurers
  A flaming corpse (Abyss:1)
  2 wolf spiders (shapeshifter)
  A hill giant (shapeshifter) (Vaults:5)
  2 griffons
  2 statues (D:12)
  18 red wasps
  4 phantasmal warriors
  19 wolf spiders
  A cyclops (shapeshifter) (Vaults:5)
  A guardian serpent (Abyss:1)
  5 orc sorcerers
  3 spiny worms
  3 cyclopes
  2 apocalypse crabs (Abyss:1)
  An octopode (Abyss:1)
  3 orange demons (Lair:8)
  12 elephants
  2 guardian serpents (shapeshifter)
  4 deep elf summoners
  4 black mambas
  2 smoke demons
  A frost giant skeleton (D:16)
  11 vault sentinels
  3 sixfirhies
  A vapour (Swamp:5)
  9 fire drakes
  4 hellwings
  9 small abominations
  9 deep elf priests
  50 yaktaurs
  14 demonic crawlers
  2 naga magi
  A formicid venom mage (Spider:3)
  A fire drake (shapeshifter) (Vaults:2)
  9 jumping spiders
  An efreet (Abyss:1)
  2 komodo dragons
  11 orb spiders
  2 minotaur zombies (Lab)
  12 spiny frogs
  A hell beast (Lair:8)
  2 red devils (Lair:8)
  A troll (shapeshifter) (D:13)
  Sonja (D:12)
  A polar bear (Abyss:1)
  3 trolls
  A jumping spider (shapeshifter) (Vaults:5)
  A komodo dragon (shapeshifter) (Vaults:5)
  20 two-headed ogres
  3 blink frogs (Lair:2)
  10 spriggans
  3 ancient zymes (Abyss:1)
  4 bog bodies
  5 giant fireflies
  A grizzly bear (shapeshifter) (Vaults:4)
  40 slime creatures
  8 giant leeches
  7 boulder beetles
  A brown ooze (shapeshifter) (Elf:2)
  A hydra skeleton (D:15)
  4 wandering mushrooms
  20 deep elf magi
  A raven (Swamp:3)
  A stone giant simulacrum (Vaults:2)
  2 air elementals
  2 basilisks
  7 tarantellas
  12 trapdoor spiders
  2 grizzly bears
  52 ugly things
  30 redbacks
  A guardian serpent skeleton (Abyss:1)
  A shadow (D:16)
  2 wraiths
  5 ynoxinuls (Abyss:1)
  A griffon skeleton (D:16)
  2 wyverns
  A golden eye (Abyss:1)
  12 sharks
  A redback (shapeshifter) (Vaults:5)
  2 hogs (Spider:1)
  Eustachio (Orc:2)
  An elephant slug (Lair:3)
  2 fire elementals (D:14)
  56 yaks
  22 deep elf fighters
  A hungry ghost (D:11)
  A steam dragon (D:11)
  7 hippogriffs
  4 wolves (Lair:8)
  A neqoxec (Abyss:1)
  Menkaure (D:6)
  A deep troll zombie (D:16)
  44 vampire mosquitoes
  A mottled dragon (D:15)
  4 hell hounds
  49 swamp worms
  A soldier ant (D:12)
  5 porcupines
  8 swamp drakes
  7 freezing wraiths
  3 black bears (shapeshifter)
  A naga (shapeshifter) (Vaults:1)
  37 orc warriors
  2 black bears
  11 starcursed masses (Abyss:1)
  5 ice beasts
  4 sky beasts
  11 nagas
  20 centaurs
  14 giant goldfish
  A boring beetle (shapeshifter) (Depths:3)
  2 phantoms
  9 yellow wasps
  48 ogres
  2 rotting devils (Lair:8)
  4 wargs
  2 lava worms (Bazaar)
  4 brain worms
  11 giant slugs
  21 giant frogs
  14 crocodiles
  4 big kobolds
  8 agate snails
  38 insubstantial wisps
  24 water moccasins
  A cyclops zombie (D:16)
  7 killer bees
  2 cyclops skeletons
  An eye of draining (shapeshifter) (Vaults:1)
  11 jellyfish
  A yak skeleton (D:13)
  2 oklob saplings (D:8)
  3 lava fish (Bazaar)
  19 wights
  10 electric eels
  8 crimson imps
  A troll skeleton (D:13)
  A quasit (Elf:3)
  A giant frog zombie (D:7)
  26 big fish
  3 goliath beetles
  9 hounds
  6 jellies
  6 lava snakes
  A centaur zombie (D:5)
  A yaktaur simulacrum (D:15)
  Crazy Yiuf (D:7)
  3 giant frog skeletons
  5 iguanas
  An iron imp (Abyss:1)
  17 orc priests
  27 spiders
  34 orc wizards
  6 scorpions
  10 worker ants
  7 orange rats (Lair:8)
  A polar bear simulacrum (Abyss:1)
  A yak simulacrum (Abyss:1)
  31 sheep
  An ogre skeleton (Orc:3)
  8 boggarts
  A hound zombie (D:5)
  8 gnolls
  A hound skeleton (D:7)
  A worker ant zombie (D:7)
  49 green rats
  20 adders
  6 giant centipedes
  5 giant mites
  3 white imps
  2 inept feature mimics (D:5)
  8 ufetubi (Abyss:1)
  10 worms
  23 grey rats
  3 giant eyeballs
  6 giant geckos
  An ooze (D:3)
  150 orcs
  7 ball pythons
  20 bats
  9 giant cockroaches
  25 goblins
  18 hobgoblins
  15 jackals
  10 quokkas
  5 giant newts
  4 giant spores
  A goblin simulacrum (Orc:3)
  A goblin zombie (Orc:4)
  2 hobgoblin skeletons
  2 illusory rakshasas
  29 kobolds
  A lurking horror (Abyss:1)
  An orc simulacrum (Orc:3)
  9 orc zombies
  24 rats
  4 ballistomycetes
  A butterfly (Forest:1)
  2 fungi
  A snaplasher vine (Forest:1)
2273 creatures vanquished.

Vanquished Creatures (collateral kills)
  Arachne (Spider:2)
  A deep elf master archer (Elf:3)
  2 tengu reavers
  Donald (Spider:1)
  Aizul (Spider:2)
  A deep elf sorcerer (Elf:3)
  A ghost moth (Spider:2)
  3 stone giants
  A balrug (Abyss:1)
  Azrael (D:14)
  A deep elf annihilator (Elf:3)
  A deep elf death mage (Elf:3)
  6 vault guards (Vaults:4)
  A fire dragon (Vaults:3)
  An ironheart preserver (Vaults:1)
  An ogre mage (Vaults:2)
  4 hydras
  A dancing weapon (Blade)
  A deep troll earth mage (Depths:4)
  A very ugly thing (Abyss:1)
  A rakshasa (Depths:1)
  A deep troll shaman (Depths:3)
  A fire crab (Vaults:3)
  2 centaur warriors
  Nergalle (Lair:2)
  An iron troll (Vaults:5)
  A deep elf knight (Elf:2)
  A hell knight (Depths:4)
  8 deep trolls
  2 hill giants
  An orc knight (Orc:4)
  A harpy (Vaults:2)
  4 deep elf conjurers
  3 swamp dragons (Swamp:5)
  An ironbrand convoker (Vaults:5)
  An orc sorcerer (Orc:4)
  6 wolf spiders
  2 sixfirhies
  A red wasp (Spider:5)
  An elephant (Lair:2)
  2 vault sentinels
  A smoke demon (Abyss:1)
  2 black mambas (Lair:2)
  11 yaktaurs
  An orange demon (Depths:2)
  A small abomination (Elf:3)
  5 orb spiders
  A red devil (Lair:8)
  A bog body (Swamp:5)
  A jumping spider (Spider:3)
  A wind drake (shapeshifter) (Elf:3)
  A raven (Swamp:1)
  A two-headed ogre (Swamp:4)
  2 slime creatures (Swamp:5)
  A grizzly bear (Vaults:3)
  An air elemental (Depths:1)
  7 ugly things
  2 tarantellas
  3 trapdoor spiders
  2 deep elf magi
  6 yaks
  2 deep elf fighters
  A swamp worm (Swamp:2)
  2 swamp drakes
  A wandering mushroom (D:8)
  3 ogres
  A black bear (D:10)
  9 orc warriors
  A centaur (Vaults:3)
  A freezing wraith (Vaults:4)
  2 water moccasins (Lair:2)
  A brain worm (Abyss:1)
  Blork the orc (Orc:4)
  A giant frog (D:8)
  A killer bee (D:13)
  2 electric eels
  A jellyfish (Spider:4)
  2 wights (D:13)
  A jelly (D:13)
  An orc priest (D:13)
  An orc wizard (Orc:4)
  An iguana (Lair:2)
  An iron imp (Abyss:1)
  A worker ant (D:12)
  3 spectral orcs (Lair:2)
  A giant centipede (Lair:5)
  6 orcs
  2 jackals (Lair:2)
  An illusory rakshasa (Depths:1)
  An orc zombie (Orc:4)
  12 butterflies (Vaults:4)
  2 fungi
190 creatures vanquished.

Vanquished Creatures (others)
  5 Executioners
  6 cacodemons
  9 balrugs
  9 reapers
  A blizzard demon (Depths:4)
  15 ice devils
  9 soul eaters
  18 sun demons
  An unseen horror (D:15)
  21 sixfirhies
  A small abomination (Elf:3)
  An orb spider (Spider:3)
  17 smoke demons
  2 water elementals (Depths:4)
  A spriggan (Forest:1)
  A wind drake (Forest:1)
  A fire elemental (Depths:3)
  A two-headed ogre (Depths:4)
  A human (Spider:1)
  A blink frog zombie (Abyss:1)
  An ogre (Vaults:4)
  2 lost souls (Vaults:5)
  A jellyfish (Lair:1)
  14 crimson imps
  A spider (Spider:3)
  19 iron imps
  A polar bear simulacrum (Abyss:1)
  12 lemures
  13 white imps
  13 ufetubi
  An orc (Orc:4)
  A giant spore (D:15)
  2 briar patches (Forest:1)
  4 bushes
  5 fungi
  4 plants
  16 snaplasher vine segments (Forest:1)
231 creatures vanquished.

Grand Total: 2694 creatures vanquished

Notes
Turn   | Place    | Note
--------------------------------------------------------------
     0 | D:1      | Petitchka, the Demonspawn Berserker, began the quest for the Orb.
     0 | D:1      | Reached XP level 1. HP: 18/18 MP: 1/1
   199 | D:1      | Gained mutation: Your flesh is cold resistant. [demonic ancestry]
   199 | D:1      | Reached XP level 2. HP: 13/24 MP: 2/2
   604 | D:1      | Acquired Trog's second power
   715 | D:2      | Reached XP level 3. HP: 20/29 MP: 3/3
  1518 | D:3      | Reached XP level 4. HP: 13/35 MP: 4/4
  1991 | D:3      | Noticed an ogre
  2015 | D:3      | Killed an ogre
  2015 | D:3      | Reached skill level 4 in Long Blades
  2015 | D:3      | Reached XP level 5. HP: 11/41 MP: 5/5
  2705 | D:4      | Noticed an ogre
  2760 | D:4      | Killed an ogre
  2760 | D:4      | Reached skill level 5 in Long Blades
  2760 | D:4      | Reached XP level 6. HP: 32/47 MP: 6/6
  2785 | D:4      | Found a staircase to the Ecumenical Temple.
  2796 | Temple   | Entered the Ecumenical Temple
  2930 | D:4      | Found a glowing drain.
  2965 | Sewer    | Entered a sewer
  3142 | Sewer    | Gained mutation: You are very good at protecting items from cold. [demonic ancestry]
  3142 | Sewer    | Reached XP level 7. HP: 17/52 MP: 7/7
  3403 | Sewer    | Acquired Trog's third power
  3585 | Sewer    | Reached skill level 6 in Long Blades
  3829 | Sewer    | Got a pitted scale mail
  3845 | Sewer    | Identified the cursed +5 scale mail of the Wilderness {rF++} (You found it in a sewer)
  4424 | D:5      | Entered Level 5 of the Dungeon
  4848 | D:5      | Received a gift from Trog
  4972 | D:5      | Gained mutation: You have a pair of small antennae on your head. [demonic ancestry]
  4972 | D:5      | Reached XP level 8. HP: 50/58 MP: 2/8
  5322 | D:6      | Found Claow's General Store.
  5322 | D:6      | Noticed Menkaure
  5333 | D:5      | Reached skill level 7 in Long Blades
  5871 | D:6      | Killed Menkaure
  5893 | D:6      | Identified a scroll of acquirement
  5894 | D:6      | Got a bloodstained demon blade
  5896 | D:6      | Identified the +5,+10 demon blade of Disaster {venom, +Blink rC+ MR+ Int+3} (You acquired it on level 6 of the Dungeon)
  5928 | D:6      | Found Bloaf's Antique Weapon Shop.
  5968 | D:6      | Reached skill level 1 in Evocations
  6032 | D:6      | Found a sparkling altar of Nemelex Xobeh.
  6032 | D:6      | Found a basalt altar of Yredelemnul.
  6033 | D:6      | Found a white marble altar of Elyvilon.
  6038 | D:6      | Reached skill level 5 in Dodging
  6062 | D:6      | Found Jefow's Distillery.
  6090 | D:6      | Found Befuokh's Magic Scroll Emporium.
  6310 | D:7      | Reached skill level 8 in Long Blades
  6310 | D:7      | Reached skill level 5 in Armour
  6400 | D:7      | Gained mutation: A weak demonic guardian rushes to your aid. [demonic ancestry]
  6400 | D:7      | Reached XP level 9. HP: 63/63 MP: 13/13
  6664 | D:7      | Noticed CrazyArbalest's ghost (experienced OgBe)
  6700 | D:7      | Killed CrazyArbalest's ghost
  6700 | D:7      | Reached skill level 9 in Long Blades
  6945 | D:7      | Noticed Crazy Yiuf
  6950 | D:7      | Killed Crazy Yiuf
  7295 | D:8      | Reached skill level 5 in Evocations
  7434 | D:8      | Gained mutation: You have a pair of antennae on your head. [demonic ancestry]
  7434 | D:8      | Reached XP level 10. HP: 62/70 MP: 18/18
  7617 | D:8      | Found a blossoming altar of Fedhas.
  7801 | D:9      | Found a staircase to the Lair.
  7802 | D:9      | Noticed an elephant
  7819 | D:9      | Reached skill level 10 in Long Blades
  7820 | D:9      | Killed an elephant
  8152 | Lair:1   | Entered Level 1 of the Lair of Beasts
  8646 | Lair:1   | Found a dark tunnel.
  8651 | Volcano  | Entered a volcano
  8656 | Volcano  | Noticed Urug
  8660 | Volcano  | Received a gift from Trog
  8665 | Volcano  | Killed Urug
  8806 | Lair:1   | Reached XP level 11. HP: 27/75 MP: 21/21
  9275 | Lair:2   | Noticed Nergalle
  9287 | Lair:2   | Killed Nergalle
  9293 | Lair:2   | Reached skill level 11 in Long Blades
  9323 | Lair:2   | Found a labyrinth entrance.
  9332 | Lab      | Entered a labyrinth
  9507 | Lab      | Noticed a minotaur
  9514 | Lab      | Killed a minotaur
  9673 | Lab      | Got a slimy lead ring
  9674 | Lab      | Identified the cursed ring of Angol {Dex-5 Dam-2} (You found it in a labyrinth)
  9676 | Lab      | Got an ichor-stained crystal plate armour
  9676 | Lab      | Got a pair of heavily runed gloves
  9787 | Lair:2   | Identified the -16 crystal plate armour of the Maze {Dex+1} (You found it in a labyrinth)
  9810 | Lair:2   | Identified the +1 pair of gloves of the Orb Guardian {Str+5 Dex+1} (You found it in a labyrinth)
 10151 | Lair:2   | Noticed Erica
 10158 | Lair:2   | Killed Erica
 10158 | Lair:2   | Reached skill level 1 in Shields
 10982 | Lair:3   | Noticed a five-headed hydra
 10991 | Lair:3   | Killed a hydra
 11004 | Lair:3   | Gained mutation: You are partially covered in rough black scales (AC +4, Dex -1). [demonic ancestry]
 11004 | Lair:3   | Reached XP level 12. HP: 68/85 MP: 23/23
 11250 | Lair:3   | Reached skill level 5 in Fighting
 11265 | Lair:3   | Received a gift from Trog
 11337 | Lair:3   | Found a staircase to the Swamp.
 11342 | Lair:3   | Noticed Snorg
 11352 | Lair:3   | Killed Snorg
 11436 | Lair:3   | Reached skill level 12 in Long Blades
 11555 | Lair:4   | Noticed a four-headed hydra
 11564 | Lair:4   | Killed a hydra
 11678 | Lair:4   | Noticed Rupert
 11697 | Lair:4   | Killed Rupert
 11972 | Lair:5   | Received a gift from Trog
 12559 | Lair:5   | Found a hole to the Spider Nest.
 13535 | Lair:7   | Noticed a seven-headed hydra
 13576 | Lair:7   | Killed a two-headed hydra
 13619 | Lair:7   | Got a sparkling steel ring
 13621 | Lair:7   | Identified the cursed ring of the Thirteen Hells {rElec rN+ Str-3 Dam-2} (You found it on level 7 of the Lair of Beasts)
 13676 | Lair:7   | Found a viscous altar of Jiyva.
 13681 | Lair:7   | Found a staircase to the Slime Pits.
 13892 | Lair:7   | Received a gift from Trog
 14007 | Lair:7   | Gained mutation: You are mostly covered in rough black scales (AC +7, Dex -2). [demonic ancestry]
 14007 | Lair:7   | Reached XP level 13. HP: 95/95 MP: 25/25
 14188 | Lair:8   | Entered Level 8 of the Lair of Beasts
 14497 | Lair:8   | Reached skill level 5 in Shields
 14609 | Lair:8   | Received a gift from Trog
 14627 | Lair:8   | Got an opal-encrusted chain mail
 14644 | Lair:8   | Identified the +1 chain mail "Faomp" {Acc+4 Dam+4 Stlth-} (You found it on level 8 of the Lair of Beasts)
 14701 | Lair:8   | Reached skill level 13 in Long Blades
 15350 | Lair:8   | Received a gift from Trog
 15518 | Lair:8   | Noticed a dire elephant
 15539 | Lair:8   | Killed a dire elephant
 15690 | Lair:8   | Found a burning altar of Makhleb.
 15708 | Lair:8   | Reached skill level 10 in Evocations
 15743 | Lair:8   | Gained mutation: A demonic guardian rushes to your aid. [demonic ancestry]
 15743 | Lair:8   | Reached XP level 14. HP: 52/105 MP: 27/27
 15748 | Lair:8   | Found a gateway to Hell.
 16317 | D:6      | Bought a scroll of acquirement for 572 gold pieces
 16382 | Temple   | Fell from the grace of Trog
 16382 | Temple   | Became a worshipper of Makhleb the Destroyer
 16803 | D:9      | Learned a level 1 spell: Apportation
 16806 | D:9      | Learned a level 2 spell: Shroud of Golubria
 16809 | D:9      | Learned a level 2 spell: Blink
 16817 | D:10     | Entered Level 10 of the Dungeon
 16882 | D:10     | Found a portal to a secret trove of treasure.
 16922 | D:10     | Learned a level 1 spell: Summon Butterflies
 16981 | D:10     | Acquired Makhleb's first power
 17120 | D:10     | Noticed Duskembrace's ghost (experienced MiBe)
 17135 | D:10     | Killed Duskembrace's ghost
 17135 | D:10     | Reached skill level 1 in Translocations
 17216 | D:11     | Reached skill level 1 in Charms
 17249 | D:11     | Noticed Erolcha
 17259 | D:11     | Killed Erolcha
 17667 | D:11     | Noticed Nessos
 17690 | D:11     | Killed Nessos
 17994 | D:11     | Acquired Makhleb's second power
 18046 | D:11     | Found Broiku's Assorted Antiques.
 18059 | D:11     | Bought 3 scrolls of enchant armour for 462 gold pieces
 18319 | D:12     | Noticed Harold
 18324 | D:12     | Paralysed by a giant eyeball for 4 turns
 18332 | D:12     | Killed Harold
 18931 | D:12     | Reached skill level 10 in Dodging
 18964 | D:12     | Learned a level 6 spell: Simulacrum
 19020 | D:12     | Acquired Makhleb's third power
 19097 | D:12     | Noticed Sonja
 19107 | D:12     | Killed Sonja
 19191 | D:12     | Reached skill level 1 in Invocations
 20248 | D:12     | Reached skill level 1 in Ice Magic
 20300 | D:12     | Found a staircase to the Orcish Mines.
 20339 | Orc:1    | Entered Level 1 of the Orcish Mines
 20425 | Orc:2    | Noticed Eustachio
 20441 | Orc:2    | Killed Eustachio
 20444 | Orc:2    | Acquired Makhleb's fourth power
 20655 | Orc:2    | Found a flagged portal.
 20668 | Bailey   | Entered a bailey
 20712 | Bailey   | Acquired Makhleb's fifth power
 20836 | Orc:2    | Found an iron altar of Okawaru.
 21259 | Orc:4    | Entered Level 4 of the Orcish Mines
 21265 | Orc:4    | Reached skill level 10 in Armour
 21407 | Orc:3    | Noticed Josephine
 21420 | Orc:3    | Killed Josephine
 21420 | Orc:3    | Reached skill level 1 in Necromancy
 21664 | Orc:3    | You fall through a shaft!
 21794 | Orc:4    | Found Fraygh's Armour Shoppe.
 21933 | Orc:4    | Found a staircase to the Elven Halls.
 22096 | Orc:4    | Noticed Blork the orc
 22102 | Orc:4    | Found a roughly hewn altar of Beogh.
 22105 | Orc:4    | Noticed an orc warlord
 22114 | Orc:4    | Killed Blork the orc
 22160 | Orc:4    | Killed an orc warlord
 22160 | Orc:4    | Reached skill level 14 in Long Blades
 22160 | Orc:4    | Reached skill level 1 in Spellcasting
 22305 | Orc:4    | Found Shryaxo's Book Shoppe.
 22320 | Orc:4    | Found Hasteh's General Store.
 22337 | Orc:4    | Found Paeg Ree's Antique Weapon Shoppe.
 22371 | Orc:4    | Found Oruetag's Antique Armour Shoppe.
 22392 | Orc:4    | Bought an ancient chain mail for 400 gold pieces
 22392 | Orc:4    | Bought a pair of runed boots for 37 gold pieces
 22413 | Orc:4    | Identified the +8 chain mail of the Hills {rPois Dex+2 Curse} (You bought it in a shop on level 4 of the Orcish Mines)
 22461 | Orc:4    | Bought a book of Air for 385 gold pieces
 22461 | Orc:4    | Bought a book of Clouds for 495 gold pieces
 22465 | Orc:4    | Learned a level 2 spell: Repel Missiles
 22959 | D:12     | Found Nice's Jewellery Emporium.
 23852 | D:14     | Learned a level 2 spell: Swiftness
 23866 | D:14     | Noticed Louise
 23889 | D:14     | Killed Louise
 23971 | D:14     | Noticed Azrael
 23994 | D:14     | Killed Azrael
 23994 | D:14     | Reached skill level 1 in Air Magic
 23994 | D:14     | Reached XP level 15. HP: 107/112 MP: 28/28
 24212 | D:15     | Entered Level 15 of the Dungeon
 24221 | D:15     | Found a gate to the Vaults.
 24304 | D:15     | Reached skill level 5 in Invocations
 24547 | D:15     | Learned a level 6 spell: Freezing Cloud
 24985 | D:16     | Entered Level 16 of the Dungeon
 25075 | D:16     | Found Conaipt's Armour Emporium.
 25115 | D:16     | Reached skill level 1 in Conjurations
 25403 | D:16     | Found a staircase to the Depths.
 25686 | D:16     | Reached skill level 5 in Charms
 26211 | Spider:1 | Entered Level 1 of the Spider Nest
 26380 | Spider:1 | Noticed Kirke
 26389 | Spider:1 | Killed Kirke
 26390 | Spider:1 | Noticed Roxanne
 26441 | Spider:1 | Noticed Donald
 26448 | Spider:1 | Killed Donald
 27120 | Spider:3 | Noticed Nikola
 27156 | Spider:3 | Killed Nikola
 27159 | Spider:3 | Noticed Aizul
 27162 | Spider:3 | Noticed Arachne
 27182 | Spider:2 | Killed Aizul
 27494 | Spider:2 | Gained mutation: You have a pair of large antennae on your head (SInv). [demonic ancestry]
 27494 | Spider:2 | Reached XP level 16. HP: 111/120 MP: 0/29
 27872 | Spider:2 | Killed Arachne
 28030 | Spider:3 | Reached skill level 15 in Long Blades
 28081 | Spider:3 | Identified a +2 cloak of preservation (You took it off Nikola on level 3 of the Spider Nest)
 28577 | Spider:4 | Noticed Wiglaf
 28593 | Spider:4 | Killed Wiglaf
 28977 | Spider:5 | Entered Level 5 of the Spider Nest
 29683 | Spider:5 | Got a gossamer rune of Zot
 30199 | Swamp:1  | Entered Level 1 of the Swamp
 31413 | Swamp:2  | Noticed Jorgrun
 31423 | Swamp:2  | Reached skill level 10 in Fighting
 31426 | Swamp:2  | Killed Jorgrun
 31436 | Swamp:2  | Gained mutation: A meltable icy envelope protects you from harm and freezing vapours (AC +10). [demonic ancestry]
 31436 | Swamp:2  | Reached XP level 17. HP: 128/128 MP: 29/29
 31542 | Swamp:3  | Noticed Saint Roka
 31601 | Swamp:2  | Killed Saint Roka
 31644 | Swamp:3  | Reached skill level 5 in Spellcasting
 31699 | Swamp:3  | Got a faintly humming scale mail
 31718 | Swamp:3  | Identified the cursed -3 scale mail of the Crypt {Stlth++} (You found it on level 3 of the Swamp)
 32173 | Swamp:3  | Noticed Norris
 32716 | Swamp:4  | Reached skill level 5 in Air Magic
 32958 | Swamp:5  | Entered Level 5 of the Swamp
 33400 | Swamp:5  | Got a decaying rune of Zot
 33449 | Swamp:5  | Gained mutation: You have a slow metabolism. [potion of beneficial mutation]
 33963 | Elf:1    | Entered Level 1 of the Elven Halls
 34143 | Elf:1    | Reached skill level 5 in Conjurations
 35088 | Elf:2    | Reached skill level 5 in Ice Magic
 35237 | Elf:2    | Found a flickering gateway to a bazaar.
 35290 | Bazaar   | Entered a bazaar
 35329 | Bazaar   | Found Brogro's Magical Wand Shoppe.
 35351 | Bazaar   | Found Sudiwk's Magical Wand Shoppe.
 35376 | Bazaar   | Found Pieveoj's Distillery.
 35380 | Bazaar   | Bought a potion of heal wounds for 24 gold pieces
 35380 | Bazaar   | Bought a potion of curing for 16 gold pieces
 35380 | Bazaar   | Bought a potion of curing for 16 gold pieces
 35409 | Bazaar   | Found Ynwesesa's Distillery.
 35413 | Bazaar   | Bought a potion of curing for 24 gold pieces
 35413 | Bazaar   | Bought a potion of heal wounds for 36 gold pieces
 35413 | Bazaar   | Bought a potion of heal wounds for 36 gold pieces
 35413 | Bazaar   | Bought a potion of curing for 24 gold pieces
 35413 | Bazaar   | Bought a potion of curing for 24 gold pieces
 35608 | Elf:3    | Entered Level 3 of the Elven Halls
 35748 | Elf:3    | Noticed Agnes
 35756 | Elf:3    | Killed Agnes
 35760 | Elf:3    | Reached XP level 18. HP: 136/136 MP: 30/30
 35853 | Elf:3    | Learned a level 6 spell: Haste
 35869 | Elf:3    | Reached skill level 16 in Long Blades
 35914 | Elf:3    | Got a vibrating steel ring
 36097 | Elf:3    | Identified the ring "Boddinuub" {Ice +Inv +Fly rN+} (You took it off a deep elf fighter on level 3 of the Elven Halls)
 36139 | Elf:3    | Identified the Volume of the Enchanting Frostbite
 36148 | Elf:3    | Learned a level 6 spell: Ozocubu's Refrigeration
 36421 | Elf:3    | Got a fine copper ring
 36611 | Elf:3    | Reached skill level 10 in Invocations
 36814 | Elf:3    | Got a scintillating bone ring
 37088 | Vaults:1 | Entered Level 1 of the Vaults
 37299 | Vaults:1 | Identified the ring of Kheg {Hunger- Acc+5 Dam-3} (You took it off a deep elf blademaster on level 3 of the Elven Halls)
 38034 | Vaults:1 | Found Paoly's Jewellery Shoppe.
 38047 | Vaults:1 | Found a glowing golden altar of the Shining One.
 38060 | Vaults:1 | Identified the ring "Sefa Xynaja" {+cTele rElec Str-3} (You took it off a deep elf summoner on level 3 of the Elven Halls)
 38405 | Vaults:2 | Reached skill level 10 in Charms
 38435 | Vaults:2 | Gained mutation: You are completely covered in rough black scales (AC +10, Dex -3). [demonic ancestry]
 38435 | Vaults:2 | Reached XP level 19. HP: 98/143 MP: 32/32
 39010 | Vaults:2 | Found a staircase to the Enchanted Forest.
 40324 | Vaults:3 | Reached skill level 10 in Shields
 40479 | Vaults:3 | Found a staircase to the Hall of Blades.
 40592 | Blade    | Entered the Hall of Blades
 41600 | Vaults:4 | Cast into the Abyss (ogre mage)
 41600 | Abyss:1  | Found a corrupted altar of Lugonu.
 41873 | Abyss:1  | Noticed a bone dragon
 41915 | Abyss:1  | Killed a bone dragon
 41915 | Abyss:1  | Reached skill level 17 in Long Blades
 41941 | Abyss:1  | Gained mutation: Your magical and physical power is slightly enhanced at high health. [demonic ancestry]
 41941 | Abyss:1  | Reached XP level 20. HP: 151/151 MP: 32/32
 42760 | Vaults:4 | Escaped the Abyss
 42859 | Vaults:4 | Noticed Mara
 42872 | Vaults:4 | Noticed Petitchka's illusion
 42888 | Vaults:4 | Killed Mara
 43075 | Vaults:4 | Found Asuqad's Armour Shop.
 44283 | Depths:1 | Entered Level 1 of the Depths
 44449 | Depths:1 | Learned a level 2 spell: Song of Slaying
 44453 | Depths:1 | Learned a level 3 spell: Regeneration
 44463 | Depths:1 | Identified a +2 cloak of preservation (You found it on level 1 of the Depths)
 44475 | Depths:1 | Identified a +4 rod of inaccuracy (13/13) (You found it on level 1 of the Depths)
 44749 | Depths:1 | Noticed Sojobo
 45758 | Depths:2 | Gained mutation: A powerful demonic guardian rushes to your aid. [demonic ancestry]
 45758 | Depths:2 | Reached XP level 21. HP: 159/159 MP: 34/34
 46406 | Depths:3 | Found a gateway to a ziggurat.
 46593 | Depths:3 | Found a glowing silver altar of Zin.
 47064 | Depths:4 | Found a one-way gate to the infinite horrors of the Abyss.
 47448 | Depths:4 | HP: 8/160 [fire giant/fireball (12)]
 48606 | Vaults:5 | Entered Level 5 of the Vaults
 48857 | Vaults:5 | Reached skill level 18 in Long Blades
 49023 | Vaults:5 | Identified the Incunabulum of Necromancy
 49073 | Vaults:5 | Gained mutation: Your magical and physical power is enhanced at high health. [demonic ancestry]
 49073 | Vaults:5 | Reached XP level 22. HP: 82/168 MP: 35/35
 49328 | Vaults:5 | Got a silver rune of Zot
 49397 | Vaults:5 | Paralysed by a red wasp for 2 turns
 49595 | Vaults:5 | Identified Lehudib's Grimoire of Attacks
 50932 | Vaults:5 | Noticed Frederick
 50945 | Vaults:5 | Killed Frederick
 50945 | Vaults:5 | Reached skill level 10 in Air Magic
 51239 | Forest:1 | Entered Level 1 of the Enchanted Forest
 51445 | Forest:2 | Killed from afar by a thorn lotus

Action                   |  1- 3 |  4- 6 |  7- 9 | 10-12 | 13-15 | 16-18 | 19-21 | 22-24 || total
-------------------------+-------+-------+-------+-------+-------+-------+-------+-------++-------
Melee: Falchion          |   147 |   213 |   408 |       |       |       |       |       ||   768
       Long sword        |       |       |    72 |       |       |       |       |       ||    72
       Demon blade       |       |       |   203 |   748 |  2165 |  2579 |  2662 |   462 ||  8819
       Scimitar          |       |       |       |    17 |    58 |    68 |       |       ||   143
       Unarmed           |       |       |       |       |       |     1 |       |       ||     1
 Fire: Blowgun           |       |    12 |       |     1 |       |       |       |       ||    13
 Cast: Repel Missiles    |       |       |       |       |       |     2 |       |       ||     2
       Shroud of Golubri |       |       |       |       |       |     1 |       |       ||     1
       Apportation       |       |       |       |       |       |       |     1 |       ||     1
       Summon Butterflie |       |       |       |       |       |       |     1 |       ||     1
Invok: Berserk           |       |     4 |     3 |     8 |     2 |       |       |       ||    17
       Trog's Hand       |       |     1 |       |     2 |     1 |       |       |       ||     4
       Brothers in Arms  |       |       |     1 |     3 |       |       |       |       ||     4
       Greater Servant o |       |       |       |       |     1 |     5 |     5 |     1 ||    12
       Major Destruction |       |       |       |       |       |       |     4 |       ||     4
 Abil: Evoke Blink       |       |       |       |     1 |     5 |       |     6 |     2 ||    14
Evoke: Wand              |       |       |     5 |    15 |    15 |    19 |     4 |       ||    58
       lamp of fire      |       |       |       |     1 |     1 |     3 |     1 |       ||     6
       phial of floods   |       |       |       |       |     1 |     1 |     2 |     1 ||     5
  Use: Scroll            |     4 |     2 |    20 |    16 |    20 |    21 |    12 |     6 ||   101
       Potion            |       |     3 |       |     5 |     9 |    11 |    20 |     4 ||    52
 Stab: Sleeping          |     1 |       |       |       |       |       |       |       ||     1
       Paralysed         |       |       |     9 |     3 |     3 |     2 |     2 |       ||    19
       Distracted        |       |       |       |     2 |     2 |     6 |     5 |       ||    15
       Invisible         |       |       |       |       |    12 |       |       |       ||    12
